Workbook

Sheet PRESUPUESTO OFICIAL
A1: FICHA - SOLICITUD MATERIALES Y/O SERVICIOS
A3: FECHA DE SOLICITUD: | C3: 45570
A4: PROGRAMA DE FORMACIÓN Y / O DEPENDENCIA: Construcción
A5: FICHA DE CARACTERIZACIÓN:
A6: Numero Aprendices Beneficiarios: | C6: 4500
A7: JUSTIFICACIÓN:
A8: El Centro de Agropecuario Regional Cauca en Cumplimiento de su misión, planes y programas, y dentro de las actividades complementarias a su misión es cumplir con la función que le corresponde al estado de invertir en el desarrollo Social y Técnico de los trabajadores Colombianos; ofreciendo y otorgando formación profesional integral para la incorporación y el progreso de las personas en actividades productivas que contribuyan al desarrollo social, económico y tecnológico del país, las cuales deben ajustarse a los objetivos trazados por el gobierno nacional. Por lo anterior es necesario proceder a realizar la contratación de “Proyecto de MODERNIZACIÓN DE LAS ÁREAS DE BIOTECNOLOGÍA AGRÍCOLA, AMBIENTAL Y SISTEMAS MEDIANTE AGRICULTURA DE PRECISIÓN EN EL CENTRO AGROPECUARIO REGIONAL CAUCA.” CÓDIGO SGPS-12109-2024. Este proyecto es fundamental para impulsar la innovación y el desarrollo en las áreas de biotecnología agrícola y ambiental, aprovechando las ventajas que ofrece la agricultura de precisión. La modernización de estas áreas permitirá optimizar los procesos productivos, mejorar el manejo de los recursos naturales y garantizar prácticas agrícolas más sostenibles y eficientes. Las adecuaciones solicitadas son clave para que el Centro Agropecuario Regional Cauca pueda estar a la vanguardia tecnológica y científica, fortaleciendo sus capacidades en investigación, desarrollo e innovación. Esto beneficiará tanto a los aprendices como a los agricultores y la comunidad en general, al introducir nuevas tecnologías que incrementarán la productividad y la sostenibilidad agrícola en la región. Por ello, es imprescindible contar con la infraestructura, equipos y herramientas adecuadas para la implementación efectiva de estas tecnologías emergentes, que permitirán mejorar la gestión del suelo, el agua, la biodiversidad y los cultivos, y potenciar la formación de capital humano altamente capacitado en el uso de estas tecnologías. Esto garantizará la transferencia de conocimiento y el desarrollo de soluciones innovadoras para los desafíos agrícolas y ambientales que enfrenta la región. En este sentido, la contratación de este proyecto permitirá acelerar la adopción de nuevas tecnologías y promover el desarrollo económico y sostenible en el sector agropecuario del Cauca, contribuyendo al crecimiento regional y nacional.
A9: OBJETIVO: ADECUACIONES DEL PROYECTO FORMULADO Y AVALADO, DE CÓDIGO SGPS-12109-2024
A10: OBLIGACIONES ESPECÍFICAS:
A11: Se le solicita al proveedor cumplir con las siguientes obligaciones especificas: 1. Realizar la entrega de las obras en el tiempo especificado. 2. garantizar la calidad de los materiales utilizados 3.Cumplir con las normas ambientales y de seguridad y salud en el trabajo, que regulan las obras civiles 4. Lugar de entrega de obras : Sede Centro Agropecuario - Sena Alto Cauca 5. cumplir a cabalidad con todas las especificaciones registradas en cada uno de los ítems de la solicitud
A12: OBLIGACION SST
A13: Para asegurar el acatamiento de la normatividad colombiana legal vigente aplicable en materia de Seguridad y Salud en el trabajo el proponente deberá suministrar los siguientes requisitos en la fase precontractual: 1. Certificado vigente de implementación del SG-SST firmada por el Representante Legal y responsable del Sistema de gestión de seguridad y salud en el trabajo SG-SST. 2. Fotocopia de cédula, Certificado Vigente Curso de SG-SST de 50 Horas o su actualización Curso de 20 Horas y licencia vigente de seguridad y salud en el trabajo del profesional Responsable del SG-SST. 3. Evaluación vigente de estándares mínimos emitido por la ARL (certificado) y respectivo plan de acción de acuerdo con la aplicación de estándares mínimos aplicables - Decreto. 1072/2015(2.2.4.6.1) y Res 0312-2019.
A14: OBLIGACION AMBIENTAL
A15: Para asegurar el acatamiento de la normatividad colombiana legal vigente aplicable en materia ambiental el proponente deberá suministrar los siguientes requisitos: 1. El proponente deberá presentar declaración juramentada expedida por el Representante Legal certificando que en caso de ser adjudicado, se encargará de efectuar el manejo de RCD (residuos de construcción y demolición) con gestores autorizados y suministrará los certificados de disposición de los escombros generados durante la obra a la Entidad. (precontractual). 2. El proponente deberá allegar una declaración juramentada expedida por el Representante Legal en la cual se certifique que durante la construcción/adecuación NO se utilizarán y/o adquirirán productos elaborados o que contengan asbesto de cualquier variedad. (precontractual). 3.Presentar programa de manejo de residuos de la obra que incluya residuos ordinarios, aprovechables, peligrosos, residuos de construcción y demolición. NOTA: El proveedor deberá garantizar el adecuado manejo y disposición de los residuos generados con ocasión a la obra. (contractual). 4. Se debe contemplar desde los diseños y para la construcción, la posibilidad que las cubiertas soporten una estructura para paneles solares en futuros o inmediatos proyectos de energía solar fotovoltaica y los respectivos ductos que permitan las instalaciones posteriores. (contractual) 5. Prever desde el diseño que las luminarias que se vayan a instalar sean únicamente LED de la máxima eficiencia existente en el mercado. (contractual). 6.Para el diseño, suministro y construcción de instalaciones eléctricas, el proveedor deberá presentar las certificaciones correspondientes al Reglamento Técnico de Instalaciones Eléctricas – RETIE. En el caso de solo requerir elementos que hacen parte de cualquier instalación eléctrica el proveedor deberá presentar los certificados de conformidad de producto.(contractual). 7. Para la adquisición de guadua y/o bambú se deberá presentar permiso de aprovechamiento de guaduales y/o bambusales.(contractual). 8. Los productos químicos (pintura, barniz, etc.) a utilizar dentro de la adecuación deben estar debidamente etiquetados acorde con lo establecido en el Sistema Globalmente Armonizado de Clasificación y Etiquetado de Productos Químicos.(contractual). Globalmente Armonizado de Clasificación y Etiquetado de Productos Químicos.(contractual).
A16: ADECUACION PROYECTO SENNOVA CÓDIGO SGPS-12109-2024 | D16: 9624
A17: CODIGO UNSPSC | B17: ITEM | C17: DESCRIPCION | D17: UND | E17: CANTIDAD | F17: VR. UNITARIO | G17: VALOR TOTAL | H17: SUBTOTAL CAPITULO
B18: 1 | C18: DEMOLICION Y DESMONTE | H18: =SUM(G19:G27) -> 2002705
A19: 72141510 | B19: 1.1 | C19: Desmonte puntos hidráulicos y sanitarios con la tubería (Incluye Retiro de escombros en volqueta, cargue y transporte para botar fuera de las instalaciones del Sena) todo el material retirado será gestionado de acuerdo con las regulaciones ambientales locales, asegurando la disposición adecuada o reciclaje de los residuos. Se recomienda coordinar con personal y equipo especializado para garantizar la seguridad y eficiencia del trabajo. | D19: UND | E19: 5 | F19: =+APU!G5 -> 11187 | G19: =ROUND(E19*F19,0) -> 55935
A20: 72141510 | B20: 1.2 | C20: Desmonte y retiro de puertas metálica o madera con marco, (Incluye Retiro de escombros en volqueta, incluye cargue y transporte para botar fuera de las instalaciones del Sena. todo el material retirado será gestionado de acuerdo con las regulaciones ambientales locales, asegurando la disposición adecuada o reciclaje de los residuos. Se recomienda coordinar con personal y equipo especializado para garantizar la seguridad y eficiencia del trabajo. | D20: UND | E20: 2 | F20: =+APU!G36 -> 12880 | G20: =ROUND(E20*F20,0) -> 25760
A21: 72141510 | B21: 1.3 | C21: Desmonte de ventanas metálica con reja de 0,70 *0,50 ml, incluye marco. | D21: UND | E21: 1 | F21: =+APU!G64 -> 12923 | G21: =ROUND(E21*F21,0) -> 12923
A22: 72141510 | B22: 1.4 | C22: Desmonte de sanitario, orinal o lavamos (Incluye Retiro de escombros en volqueta, cargue y transporte para botar fuera de las instalaciones del Sena. Es responsabilidad del contratista que se boten los escombros en el sitio autorizado por las autoridades Municipales.) | D22: UND | E22: 2 | F22: =+APU!G92 -> 25587 | G22: =ROUND(E22*F22,0) -> 51174
A23: 72141510 | B23: 1.5 | C23: Demolición de enchape de pared con repello (Incluye Retiro de escombros en volqueta, cargue y transporte para botar fuera de las instalaciones del Sena), todo el material retirado será gestionado de acuerdo con las regulaciones ambientales locales, asegurando la disposición adecuada o reciclaje de los residuos. Se recomienda coordinar con personal y equipo especializado para garantizar la seguridad y eficiencia del trabajo. | D23: M2 | E23: 8.3 | F23: =+APU!G121 -> 22203 | G23: =ROUND(E23*F23,0) -> 184285
A24: 72141510 | B24: 1.6 | C24: Demolición baldosín cerámico, mortero de nivelación y primario. Incluye Retiro de escombros en volqueta, cargue y transporte para botar fuera de las instalaciones del Sena; todo el material retirado será gestionado de acuerdo con las regulaciones ambientales locales, asegurando la disposición adecuada o reciclaje de los residuos. Se recomienda coordinar con personal y equipo especializado para garantizar la seguridad y eficiencia del trabajo. | D24: M2 | E24: 39.66 | F24: =+APU!G151 -> 32271 | G24: =ROUND(E24*F24,0) -> 1279868
A25: 72141510 | B25: 1.7 | C25: Desmonte de perfil perimetral para cielo raso, Utilizar herramientas, equipos adecuados y E.P.P | D25: ML | E25: 30.15 | F25: =+APU!G180 -> 1478 | G25: =ROUND(E25*F25,0) -> 44562
A26: 72141510 | B26: 1.8 | C26: Desmonte aire acondicionado, Utilizar herramientas, equipos adecuados y E.P.P. Recuperar en buen estado y entregar al responsable del inventario. | D26: UND | E26: 1 | F26: =+APU!G209 -> 42643 | G26: =ROUND(E26*F26,0) -> 42643
A27: 72141510 | B27: 1.9 | C27: Desmonte de instalaciones eléctricas (Incluye Retiro de escombros en volqueta, cargue y transporte para botar fuera de las instalaciones del Sena) todo el material retirado será gestionado de acuerdo con las regulaciones ambientales locales, asegurando la disposición adecuada o reciclaje de los residuos. Se recomienda coordinar con personal y equipo especializado para garantizar la seguridad y eficiencia del trabajo. | D27: GLB | E27: 1 | F27: =+APU!G240 -> 305555 | G27: =ROUND(E27*F27,0) -> 305555
B28: 2 | C28: CONCRETO, MORTERO, GRANITO PULIDO | H28: =SUM(G29:G34) -> 7220006
A29: 72152703 | B29: 2.1 | C29: Reposición de contrapiso en concreto de 3.000 psi, con espesor de 0,1 m. Incluye la conformación de la superficie previa a su fundición, garantizando el espesor mínimo especificado. Se deberá prever e instalar todas las tuberías o instalaciones necesarias (hidráulicas, sanitarias o eléctricas) antes de proceder con la fundición. Incluye malla electrosoldada grafil 4 mm @ 0,15 m en ambas direcciones; se debe garantizar ubicación al tercio de la altura desde la superficie superior. (suministro e instalación de todos los materiales). | D29: M2 | E29: 39.66 | F29: =+APU!G272 -> 68702 | G29: =ROUND(E29*F29,0) -> 2724721
A30: 72152509 | B30: 2.2 | C30: Suministro e instalación de mortero de nivelación en proporción 1:3 con espesor mínimo de 0.04m. | D30: M2 | E30: 39.66 | F30: =+APU!G302 -> 27818 | G30: =ROUND(E30*F30,0) -> 1103262
A31: 72151401 | B31: 2.3 | C31: Reposición de revoque en muros utilizando mortero 1:3; espesor de 0,03 m. Incluye adecuación utilizando malla con vena para corregir fisuras. Se deberá aplomar, escuadrar y nivelar donde sea necesario. Además, se debe garantizar un buen remate en los filos y bordes. Para asegurar la uniformidad de la superficie y bordes, se trabajará con plantilla adecuada. (suministro e instalación de todos los materiales | D31: M2 | E31: 13 | F31: =+APU!G325 -> 31981 | G31: =ROUND(E31*F31,0) -> 415753
A32: 72152703 | B32: 2.4 | C32: Reposición de caja de inspección de 0.40 m x 0.40 m con altura variable entre 0.40 m y 0.70 m, construida en concreto de 3000 psi, con medidas interiores libres. Los muros tendrán un espesor de 0.10 m e incluirán refuerzo de acero de 3/8” con separación cada 0.10 m. La caja contará con cañuelas y una tapa de concreto con espesor de 0.10 m. Se incluye formaleta y todos los materiales y elementos necesarios para la correcta construcción y funcionamiento de la caja de inspección. (suministro e instalación de todos los materiales). | D32: UND | E32: 2 | F32: =+APU!G354 -> 133766 | G32: =ROUND(E32*F32,0) -> 267532
A33: 72103300 | B33: 2.5 | C33: Suministro e instalación de Relleno con mortero proporción 1:3, parte superior muro y cubierta 0,04m3 X Ml | D33: ML | E33: 16 | F33: 15000 | G33: =ROUND(E33*F33,0) -> 240000
B34: 2.6 | C34: Mediacaña en granito pulido altura 0,1 m, ancho de 0.1 m, espesor mínimo 18 mm. Incluye dilatación en vidrio, adecuación del muro para garantizar un solo plomo con el acabado existente. La concavidad debe ser uniforme a lo largo del elemento. (suministro e instalación de todos los materiales). | D34: ML | E34: 35.35 | F34: =+APU!G414 -> 69837 | G34: =ROUND(E34*F34,0) -> 2468738
B35: 3 | C35: MUROS, ESTUCO Y PINTURA | H35: =SUM(G36:G40) -> 5537642
A36: 72151900 | B36: 3.1 | C36: Adecuación de superficie. La actividad incluye el rasqueteo y retiro de la capa de pintura en mal estado, además del tratamiento de carteras y filos, seguido por el lijado y lavado de la superficie. Los trabajos se realizarán hasta una altura de 2,5 metros. Para la ejecución del trabajo se utilizarán andamios certificados y personal capacitado, deberá utilizar equipos de protección personal (EPP) y con certificación vigente en trabajo seguro en alturas. (Suministro e instalación de todos los materiales). | D36: M2 | E36: 56.17 | F36: =+APU!G449 -> 7181 | G36: =ROUND(E36*F36,0) -> 403357
A37: 72152005 | B37: 3.2 | C37: Suministro y aplicación de estuco acrílico sobre muros. Incluye adecuación y/o acondicionamiento y/o alistamiento de superficie, filos y carteras, se debe garantizar uniformidad, nivelación y excelente acabado. Usar personal con certificado vigente de trabajo seguro en alturas, uso de andamios certificados, equipo y elementos en general adecuados para la actividad y para el trabajo seguro en alturas debidamente acreditados para la actividad y con su debido certificado de calidad. (suministro e instalación de todos los materiales) | D37: M2 | E37: 80 | F37: =+APU!G481 -> 23159 | G37: =ROUND(E37*F37,0) -> 1852720
A38: 72151303 | B38: 3.3 | C38: Suministro y aplicación de pintura blanca epoxi-poliamida, de 50% en sólidos, de dos componentes que proporcione buena adherencia y flexibilidad, resistente al agua, ácidos débiles, sales, álcalis, derivados del petróleo y disolventes aromáticos; aplicación mínima de dos capas, espesor por capa de 100 micras. Incluye adecuación de la superficie para garantizar la adherencia de la pintura, se debe garantizar el uso andamios certificados, personal con certificación vigente de trabajo seguro en alturas, equipos y elementos de protección adecuados para el desarrollo de la actividad. | D38: M2 | E38: 80 | F38: =+APU!G510 -> 33128 | G38: =ROUND(E38*F38,0) -> 2650240
A39: 72152001 | B39: 3.4 | C39: Instalación de muro interno de 12 cm de espesor en sistema board con doble cara de láminas de fibrocemento. La actividad incluye el suministro e instalación de perfilería metálica galvanizada, cinta malla, sellador elástico antihongos para juntas, y la reparación de fisuras entre placas. Se contempla la construcción de una estructura metálica con un espacio máximo de 0.3 m entre montantes, y doble soporte en los puntos donde se instale grifería. La instalación abarca todos los accesorios necesarios, así como los acondicionamientos correspondientes en muros y pisos para garantizar una correcta instalación y fijación. Adicionalmente, se realizarán los resanes y/o reparaciones en las áreas de influencia intervenidas, asegurando que el acabado final sea del mismo tipo que el de la zona afectada, utilizando materiales de calidad igual o superior a los existentes, y en colores y modelos similares. (suministro e instalación de todos los materiales) | D39: M2 | E39: 5.19 | F39: =+APU!G540 -> 116291 | G39: =ROUND(E39*F39,0) -> 603550
A40: 72151903 | B40: 3.5 | C40: Instalación de muro Muro en ladrillo común en soga , espesor 0,11 (suministro e instalación de todos los materiales) | D40: M2 | E40: 0.35 | F40: =+APU!G574 -> 79357 | G40: =ROUND(E40*F40,0) -> 27775
B41: 4 | C41: ENCHAPE | H41: =SUM(G42:G42) -> 5741261
A42: 72152504 | B42: 4.1 | C42: Reposición de piso en Baldosa Granito De Mármol Blanco 30x30cm, uso institucional, de primera calidad Color blanco. Utilizar . (Suministro e instalación) incluye destronque, pulimiento de la superficie y acabado | D42: M2 | E42: 39.66 | F42: =+APU!G602 -> 144762 | G42: =ROUND(E42*F42,0) -> 5741261
B43: 5 | C43: CIELO RASO | H43: =SUM(G44:G45) -> 5203670
A44: 72152605 | B44: 5.1 | C44: Cielorraso tipo lámina panel (PVC-FOIL ALUM), compuesto por láminas de PVC reforzadas con lámina de aluminio, diseñado para garantizar una mayor resistencia térmica y actuar como barrera contra la humedad. El sistema incluirá perfil de ensamble para asegurar una unión firme entre los elementos y su fijación a la estructura principal. Las láminas tendrán módulos con una longitud entre 3 m y 4 m, un ancho de 0.25 m, y un espesor de 1 cm. La instalación incluirá perfilería galvanizada para la estructura, junto con todos los accesorios de montaje necesarios, tales como: omegas, ángulos, viguetas, tornillos, chazos, clavos, alambre galvanizado de refuerzo, varillas roscadas, guayas de acero y cualquier otro accesorio complementario y de remate para los bordes, asegurando tanto su correcta instalación como su estética final. Las láminas deben contar con una superficie de acabado liso y estar compuestas en un 80% de PVC de primera calidad. El proceso incluirá el uso de andamios certificados y personal capacitado con equipos de protección personal (EPP), así como la correspondiente certificación vigente en trabajo seguro en alturas. (suministro e instalación de todos los materiales).(Suministro e instalación) | D44: M2 | E44: 39.66 | F44: =+APU!G630 -> 131207 | G44: =ROUND(E44*F44,0) -> 5203670
B45: 6 | C45: PUNTOS HIDRAHULICOS Y SANITARIOS | H45: =SUM(G46:G55) -> 1519848
A46: 72151906 | B46: 6.1 | C46: Reubicación de punto hidráulico con tubería de PVC presión 1/2" RDE 21 para el servicio de lavamanos. La actividad incluye la instalación de accesorios y tubería adicional de 1/2" para asegurar su correcto funcionamiento. Además, se suministrará y utilizará limpiador, soldadura de PVC y todos los accesorios necesarios para la correcta instalación y puesta en funcionamiento del sistema. (suministro e instalación de todos los materiales). | D46: UND | E46: 2 | F46: =+APU!G665 -> 32517 | G46: =ROUND(E46*F46,0) -> 65034
A47: 72151906 | B47: 6.2 | C47: Suministro e instalación de punto hidráulico con tubería de PVC presión 1" RDE 21 para el servicio de lavamanos. La actividad incluye la instalación de accesorios y tubería adicional de 1" para asegurar su correcto funcionamiento. Además, se suministrará y utilizará limpiador, soldadura de PVC y todos los accesorios necesarios para la correcta instalación y puesta en funcionamiento del sistema. (suministro e instalación de todos los materiales). | D47: UND | E47: 1 | F47: =+APU!G696 -> 32984 | G47: =ROUND(E47*F47,0) -> 32984
A48: 72151906 | B48: 6.3 | C48: Reposición de tubería PVC presión de 1/2", que incluye todos los accesorios, limpiador y soldadura necesarios para su instalación. La actividad contempla la realización de regatas y los resanes y/o reparaciones pertinentes, garantizando que el acabado final en la zona afectada sea del mismo tipo, con materiales de calidad igual o superior a los existentes, y en colores y modelos similares. (suministro e instalación de todos los materiales). | D48: ML | E48: 12 | F48: =+APU!G726 -> 4293 | G48: =ROUND(E48*F48,0) -> 51516
A49: 72151906 | B49: 6.4 | C49: Suministro e instalación tubería PVC presión de 1" incluye accesorios, limpiador y soldadura, regatas, resanes y/o reparaciones garantizando el mismo tipo de acabado de la zona afectada, con materiales de la misma calidad o superiores a los existentes y en colores y modelos similares. (suministro e instalación de todos los materiales). | D49: ML | E49: 25 | F49: =+APU!G751 -> 7944 | G49: =ROUND(E49*F49,0) -> 198600
A50: 72151906 | B50: 6.5 | C50: Suministro e instalación punto Sanitario de 2". La actividad incluye la instalación de accesorios y tubería adicional de 2" (hasta 1 m), para asegurar su correcto funcionamiento. Además, se suministrará y utilizará limpiador, soldadura de PVC y todos los accesorios necesarios para la correcta instalación y puesta en funcionamiento del sistema sanitario. (suministro e instalación de todos los materiales). | D50: UND | E50: 2 | F50: =+APU!G777 -> 39517 | G50: =ROUND(E50*F50,0) -> 79034
A51: 72151906 | B51: 6.6 | C51: Suministro e instalación tubería sanitaria de 2". Incluye accesorios, limpiador y soldadura, regatas, resanes y/o reparaciones garantizando el mismo tipo de acabado de la zona afectada, con materiales de la misma calidad o superiores a los existentes y en colores y modelos similares. (suministro e instalación de todos los materiales). | D51: ML | E51: 8 | F51: =+APU!G806 -> 19027 | G51: =ROUND(E51*F51,0) -> 152216
A52: 72151906 | B52: 6.7 | C52: Suministro e instalación tubería sanitaria de 3". Incluye accesorios, limpiador y soldadura, regatas, resanes y/o reparaciones garantizando el mismo tipo de acabado de la zona afectada, con materiales de la misma calidad o superiores a los existentes y en colores y modelos similares. (suministro e instalación de todos los materiales). | D52: ML | E52: 20 | F52: =+APU!G835 -> 20799 | G52: =ROUND(E52*F52,0) -> 415980
A53: 72151906 | B53: 6.8 | C53: Suministro e instalación punto sanitario de 3”, incluye la instalación de tubería adicional de 3" (hasta 1 m), suministro e instalación de rejilla con sosco anty olores y anty cucaracha ,con reducción de 4” a 3”, sifón de 3”, limpiador, soldadura de PVC, y todos los accesorios y elementos necesarios para asegurar la correcta instalación y puesta en funcionamiento del sistema sanitario. (suministro e instalación de todos los materiales). | D53: UND | E53: 2 | F53: =+APU!G864 -> 67497 | G53: =ROUND(E53*F53,0) -> 134994
A54: 72151906 | B54: 6.9 | C54: Suministro e instalación de Llave de paso 1". Incluye accesorios, limpiador y soldadura, regatas, resanes y/o reparaciones garantizando el mismo tipo de acabado de la zona afectada, con materiales de la misma calidad o superiores a los existentes y en colores y modelos similares. (suministro e instalación de todos los materiales). | D54: UND | E54: 1 | F54: =+APU!G893 -> 224196 | G54: =ROUND(E54*F54,0) -> 224196
A55: 72151906 | B55: 6,9,1 | C55: Suministro e instalación Llave de paso 1/2". Incluye accesorios, limpiador y soldadura, regatas, resanes y/o reparaciones garantizando el mismo tipo de acabado de la zona afectada, con materiales de la misma calidad o superiores a los existentes y en colores y modelos similares. (suministro e instalación de todos los materiales).incluye Tapa registro 15x15 cm | D55: UND | E55: 2 | F55: =+APU!G922 -> 82647 | G55: =ROUND(E55*F55,0) -> 165294
B56: 7 | C56: CARPINTERIA METALICA | H56: =SUM(G57:G60) -> 5147831
A57: 30181508 | B57: 7.1 | C57: Reposición de puerta de 1,10 m de ancho x 2,10 m de alto, con apertura hacia la izquierda. Tanto el marco como la hoja serán fabricados en lámina galvanizada calibre 20, se deberá utilizar pintura en poliuretano color blanco para su acabado final. El marco deberá cumplir con las mismas especificaciones técnicas de la puerta. Se incluye bisagras Armillar tipo cápsula (aptas para uso exterior), manija y chapa de alta calidad con tres pasadores, la cual deberá entregarse con tres copias de llaves | D57: UND | E57: 1 | F57: =+APU!G951 -> 1103127 | G57: =ROUND(E57*F57,0) -> 1103127
A58: 30181508 | B58: 7.2 | C58: Reposición de puerta de 0,65 m de largo x 2.10 m de alto, con apertura hacia la izquierda. Tanto el marco como la hoja serán fabricados en lámina galvanizada calibre 20, se deberá utilizar pintura en poliuretano color blanco para su acabado final. El marco deberá cumplir con las mismas especificaciones técnicas de la puerta. Se incluye bisagras Armillar tipo cápsula (aptas para uso exterior), manija y chapa de alta calidad con tres pasadores, la cual deberá entregarse con tres copias de llaves. | D58: UND | E58: 1 | F58: =+APU!G983 -> 786757 | G58: =ROUND(E58*F58,0) -> 786757
A59: 30181508 | B59: 7.3 | C59: Adecuación de las ventanas existentes y sus rejas de seguridad. El trabajo incluye el alistamiento de la superficie, aplicación de masilla, anticorrosivo y pintura blanca como acabado final. Se suministrará e instalará vidrio de 4 mm, con sellado perimetral utilizando silicona antihongos. | D59: M2 | E59: 4.4 | F59: =+APU!G1015 -> 97041 | G59: =ROUND(E59*F59,0) -> 426980
A60: 30162201 | B60: 7.4 | C60: Mesón empotrado en acero inoxidable con 1 poceta, Frente: 120 cm, Fondo: 60 cm, Alto: 90 cm,1 Entrepaño, acero inoxidable 430 brillante, 4 Patas en tubo cuadrado de 2 pulgadas, 4 Niveladores o protectores plásticos, incluye grifería . (Suministro e instalación) | D60: UND | E60: 1 | F60: =+APU!G1048 -> 2830967 | G60: =ROUND(E60*F60,0) -> 2830967
B61: 8 | C61: INSTALACIONES ELECTRICAS | H61: =SUM(G62:G70) -> 4909926
A62: 72151502 | B62: 8.1 | C62: Suministro e instalación de tablero Bifásico de 8 circuitos incluye puerta y chapa, breakers y red acometida cable #8 AWG, Tubería EMT 3/4" hasta 60 metros lineales desde punto de conexión de subestación hasta tablero. | D62: UND | E62: 1 | F62: =+APU!G1078 -> 1742767 | G62: =E62*F62 -> 1742767
A63: 72151502 | B63: 8.2 | C63: Suministro e instalación de tomacorriente doble 120V GFCI con tubería PVC Conduit de 1/2" Cableado THHWN N° 12 para fase, neutro y polo a tierra, hasta 3 metros lineales , se deben suministrar todo tipo de accesorios, realizar las regatas, resanes y/o reparaciones, garantizando el mismo tipo de acabado de la zona afectada, con materiales de la misma calidad o superiores a los existentes en colores y modelos similares. (suministro e instalación de todos los materiales) | D63: UND | E63: 5 | F63: =+APU!G1113 -> 198377 | G63: =E63*F63 -> 991885
A64: 72151502 | B64: 8.3 | C64: Suministro e instalación de tomacorriente industrial a 220 V con tubería PVC Conduit de 1/2" Cableado THHWN N° 12 para fase R, fase S y polo a tierra hasta 3 metros lineales, se deben suministrar todo tipo de accesorios, realizar las regatas, resanes y/o reparaciones, garantizando el mismo tipo de acabado de la zona afectada, con materiales de la misma calidad o superiores a los existentes en colores y modelos similares. (suministro e instalación de todos los materiales). | D64: UND | E64: 1 | F64: =+APU!G1146 -> 92821 | G64: =E64*F64 -> 92821
A65: 72151502 | B65: 8.4 | C65: Suministro e instalación de toma 120V con tubería Conduit PVC de 1/2", Cableado THHWN N° 12 para fase, neutro y polo a tierra hasta 3 metros lineales, se deben suministrar todo tipo de accesorios, realizar las regatas, resanes y/o reparaciones, garantizando el mismo tipo de acabado de la zona afectada, con materiales de la misma calidad o superiores a los existentes en colores y modelos similares. (suministro e instalación de todos los materiales) | D65: UND | E65: 5 | F65: =+APU!G1178 -> 70021 | G65: =E65*F65 -> 350105
A66: 72151501 | B66: 8.5 | C66: Adecuación Salida + interruptor sencillo - incluye caja PVC 2X4, tubería PVC 1/2", conductor de cobre #12 AWG hasta 3 metros lineales, Y demás accesorios para su correcta instalación se deben suministrar todo tipo de accesorios, realizar las regatas, resanes y/o reparaciones, garantizando el mismo tipo de acabado de la zona afectada, con materiales de la misma calidad o superiores a los existentes en colores y modelos similares. (suministro e instalación de todos los materiales) | D66: UND | E66: 1 | F66: =APU!G1212 -> 58933 | G66: =E66*F66 -> 58933
A67: 72151501 | B67: 8.6 | C67: Adecuación Salida + interruptor doble - incluye caja PVC 2X4, tubería PVC 1/2", conductor de cobre #12 AWG hasta 3 metros lineales, incluye accesorios para su correcta instalación, se realizan las regatas, resanes y/o reparaciones, garantizando el mismo tipo de acabado de la zona afectada, con materiales de la misma calidad o superiores a los existentes en colores y modelos similares. (suministro e instalación de todos los materiales). | D67: UND | E67: 1 | F67: =+APU!G1247 -> 62433 | G67: =E67*F67 -> 62433
A68: 72151501 | B68: 8.7 | C68: Reposición de panel LED cuadrado de 30x30 cm, 22W, luz blanca, empotrado. La actividad incluye el suministro y la instalación de tubería EMT galvanizada de ½", sistema de sujeción, y cableado THHWN N° 12 libre de halógenos para fase y neutro, con un alcance de hasta 3 metros lineales. También se suministrarán resorte de empalme y demás accesorios necesarios para su correcta instalación. (Suministro e instalación de todos los materiales). | D68: UND | E68: 8 | F68: =+APU!G1285 -> 128827 | G68: =E68*F68 -> 1030616
A69: 72151501 | B69: 8.8 | C69: Suministro e instalación de Panel Led redondo 18w empotrado Luz Blanca. La actividad incluye el suministro y la instalación de tubería EMT galvanizada de ½", sistema de sujeción, y cableado THHWN N° 12 libre de halógenos para fase y neutro, con un alcance de hasta 3 metros lineales. También se suministrarán resorte de empalme y demás accesorios necesarios para su correcta instalación. (Suministro e instalación de todos los materiales). | D69: UND | E69: 1 | F69: =+APU!G1318 -> 81827 | G69: =E69*F69 -> 81827
A70: 72151502 | B70: 8.9 | C70: Suministro e instalación de sistema de puesta a tierra, desde el tablero en cable desnudo #8 AWG, hasta 6 metros lineales desde el tablero hasta el punto de conexión a la varilla de cobre. El sistema incluye conector de bronce, así como todos los elementos de fijación necesarios. Se debe utilizar tubería EMT de ¾” para el revestimiento hasta el punto de conexión. Además, se incluye el suministro e instalación de varilla COPERWELD de 5/8” de diámetro y 2,44 m de longitud, junto con la preparación del suelo para asegurar una correcta instalación. | D70: UND | E70: 1 | F70: =+APU!G1352 -> 498539 | G70: =E70*F70 -> 498539
B71: 9 | C71: RETIRO DE ESCOMBROS Y ASEO GENERAL | H71: =SUM(G72:G73) -> 149222
A72: 72153505 | B72: 9.1 | C72: Aseo general de las áreas intervenidas | D72: M2 | E72: 40 | F72: =+APU!G1388 -> 1640 | G72: =E72*F72 -> 65600
A73: 72141505 | B73: 9.2 | C73: Retiro de escombros en volqueta incluye cargue y transporte para botar fuera de las instalaciones del Sena . Es responsabilidad del contratista que se boten los escombros en el sitio autorizado por las autoridades Municipales. Incluye el suministro o alquiler de la volqueta. | D73: M3 | E73: 2 | F73: =+APU!G1417 -> 41811 | G73: =ROUND(E73*F73,0) -> 83622
C74: COSTO TOTAL | H74: =SUM(H18:H71) -> 37432111
A76: COSTO DIRECTO | H76: =+H74 -> 37432111
A78: ADMINISTRACION | E78: 0.18 | H78: =ROUND(H76*0.18,0) -> 6737780
A79: UTILIDAD | E79: 0.05 | H79: =ROUND(H76*0.05,0) -> 1871606
A80: COSTO TOTAL | H80: =H76+H78+H79 -> 46041497
A81: IVA DEL 19% DE LA UTILIDAD | E81: 0.19 | H81: =ROUND(H79*0.19,0) -> 355605
A82: COSTO TOTAL | H82: =H80+H81 -> 46397102

Sheet APU
A2: ADECUACION PROYECTO SENNOVA CÓDIGO SGPS-12109-2024 | D2: 9624
A4: ITEM | B4: DESCRIPCION | F4: UNIDAD | G4: VALOR
A5: =+'PRESUPUESTO OFICIAL'!B19 -> 1.1 | B5: =+'PRESUPUESTO OFICIAL'!C19 -> Desmonte puntos hidráulicos y sanitarios con la tubería (Incluye Retiro de escombros en volqueta, cargue y transporte para botar fuera de las instalaciones del Sena) todo el material retirado será gestionado de acuerdo con las regulaciones ambientales locales, asegurando la disposición adecuada o reciclaje de los residuos. Se recomienda coordinar con personal y equipo especializado para garantizar la seguridad y eficiencia del trabajo. | F5: =+'PRESUPUESTO OFICIAL'!D19 -> UND | G5: =G31 -> 11187
A7: I.-MATERIALES
A8: Nombre | D8: Unidad | E8: Valor Unitario | F8: Cantidad | G8: Vr.Parcial
F14: Sub-total Mat. | G14: =G9+G10+G11+G12+G13 -> 0
A16: 2.-EQUIPOS Y HERRAMIENTA
A17: Nombre | D17: Unidad | E17: Valor | F17: Rendimiento | G17: Vr.Parcial
A18: herramienta menor | D18: 5% M.O. | E18: =G28 -> 9254 | F18: 0.05 | G18: =ROUNDUP(E18*F18,0) -> 463
A19: volqueta capacidad de 6 m3, con disposicion de escombros en lugar certificado | D19: viaje | E19: 210000 | F19: 0.007 | G19: =ROUNDUP(E19*F19,0) -> 1470
F22: Sub-total Equ. | G22: =SUM(G18:G21) -> 1933
A24: 3.-MANO DE OBRA
A25: DESCRIPCION | B25: JORNAL | C25: PRESTAC | D25: TARIFA/H CON PRESTACIONES | E25: RENDIMIENTO | F25: VR.UNITARIO
A26: Oficial de Obra | B26: 107213.33 | C26: 0.875 | D26: 25128.125 | E26: 3.95 | F26: =ROUNDUP(D26/E26,0) -> 6362
A27: Ayudante de Obra | B27: 48733.333 | C27: 0.875 | D27: 11421.875 | E27: 3.95 | F27: =ROUNDUP(D27/E27,0) -> 2892
F28: Sub-total MdeO | G28: =F26+F27 -> 9254
E31: COSTO DIRECTO APU | G31: =G14+G22+G28 -> 11187
A35: ITEM | B35: DESCRIPCION | F35: UNIDAD | G35: VALOR
A36: =+'PRESUPUESTO OFICIAL'!B20 -> 1.2 | B36: =+'PRESUPUESTO OFICIAL'!C20 -> Desmonte y retiro de puertas metálica o madera con marco, (Incluye Retiro de escombros en volqueta, incluye cargue y transporte para botar fuera de las instalaciones del Sena. todo el material retirado será gestionado de acuerdo con las regulaciones ambientales locales, asegurando la disposición adecuada o reciclaje de los residuos. Se recomienda coordinar con personal y equipo especializado para garantizar la seguridad y eficiencia del trabajo. | F36: =+'PRESUPUESTO OFICIAL'!D20 -> UND | G36: =ROUND(G61,2) -> 12880
A38: I.-MATERIALES
A39: Nombre | D39: Unidad | E39: Valor Unitario | F39: Cantidad | G39: Vr.Parcial
F45: Sub-total Mat. | G45: =G40+G41+G42+G43+G44 -> 0
A47: 2.-EQUIPOS Y HERRAMIENTA
A48: Nombre | D48: Unidad | E48: Valor | F48: Rendimiento | G48: Vr.Parcial
A49: herramienta menor | D49: 5% M.O. | E49: =+G58 -> 12266 | F49: 0.05 | G49: =ROUNDUP(E49*F49,0) -> 614
F52: Sub-total Equ. | G52: =G49+G50+G51 -> 614
A54: 3.-MANO DE OBRA
A55: DESCRIPCION | B55: JORNAL | C55: PRESTAC | D55: TARIFA/H | E55: RENDIMIENTO | F55: VR.UNITARIO
A56: Oficial de Obra | B56: 107213.33 | C56: 0.875 | D56: 25128.125 | E56: 2.98 | F56: =ROUNDUP(D56/E56,0) -> 8433
A57: Ayudante de Obra | B57: 48733.333 | C57: 0.875 | D57: 11421.875 | E57: 2.98 | F57: =ROUNDUP(D57/E57,0) -> 3833
F58: Sub-total MdeO | G58: =F56+F57 -> 12266
E61: COSTO DIRECTO APU | G61: =G45+G52+G58 -> 12880
A63: ITEM | B63: DESCRIPCION | F63: UNIDAD | G63: VALOR
A64: =+'PRESUPUESTO OFICIAL'!B21 -> 1.3 | B64: =+'PRESUPUESTO OFICIAL'!C21 -> Desmonte de ventanas metálica con reja de 0,70 *0,50 ml, incluye marco. | F64: =+'PRESUPUESTO OFICIAL'!D21 -> UND | G64: =ROUND(G89,2) -> 12923
A66: I.-MATERIALES
A67: Nombre | D67: Unidad | E67: Valor Unitario | F67: Cantidad | G67: Vr.Parcial
F73: Sub-total Mat. | G73: =G68+G69+G70+G71+G72 -> 0
A75: 2.-EQUIPOS Y HERRAMIENTA
A76: Nombre | D76: Unidad | E76: Valor | F76: Rendimiento | G76: Vr.Parcial
A77: herramienta menor | D77: 5% M.O. | E77: =G86 -> 12307 | F77: 0.05 | G77: =ROUNDUP(E77*F77,0) -> 616
F80: Sub-total Equ. | G80: =G77+G78+G79 -> 616
A82: 3.-MANO DE OBRA
A83: DESCRIPCION | B83: JORNAL | C83: PRESTAC | D83: TARIFA/H | E83: RENDIMIENTO | F83: VR.UNITARIO
A84: Oficial de Obra | B84: 107213.33 | C84: 0.875 | D84: 25128.125 | E84: 2.97 | F84: =ROUNDUP(D84/E84,0) -> 8461
A85: Ayudante de Obra | B85: 48733.333 | C85: 0.875 | D85: 11421.875 | E85: 2.97 | F85: =ROUNDUP(D85/E85,0) -> 3846
F86: Sub-total MdeO | G86: =F84+F85 -> 12307
E89: COSTO DIRECTO APU | G89: =G73+G80+G86 -> 12923
A91: ITEM | B91: DESCRIPCION | F91: UNIDAD | G91: VALOR
A92: =+'PRESUPUESTO OFICIAL'!B22 -> 1.4 | B92: =+'PRESUPUESTO OFICIAL'!C22 -> Desmonte de sanitario, orinal o lavamos (Incluye Retiro de escombros en volqueta, cargue y transporte para botar fuera de las instalaciones del Sena. Es responsabilidad del contratista que se boten los escombros en el sitio autorizado por las autoridades Municipales.) | F92: =+'PRESUPUESTO OFICIAL'!D22 -> UND | G92: =ROUND(G117,2) -> 25587
A94: I.-MATERIALES
A95: Nombre | D95: Unidad | E95: Valor Unitario | F95: Cantidad | G95: Vr.Parcial
F101: Sub-total Mat. | G101: =G96+G97+G98+G99+G100 -> 0
A103: 2.-EQUIPOS Y HERRAMIENTA
A104: Nombre | D104: Unidad | E104: Valor | F104: Rendimiento | G104: Vr.Parcial
A105: herramienta menor | D105: 5% M.O. | E105: =G114 -> 24368 | F105: 0.05 | G105: =ROUNDUP(E105*F105,0) -> 1219
F108: Sub-total Equ. | G108: =G105+G106+G107 -> 1219
A110: 3.-MANO DE OBRA
A111: DESCRIPCION | B111: JORNAL | C111: PRESTAC | D111: TARIFA/H | E111: RENDIMIENTO | F111: VR.UNITARIO
A112: Oficial de Obra | B112: 107213.33 | C112: 0.875 | D112: 25128.125 | E112: 1.5 | F112: =ROUNDUP(D112/E112,0) -> 16753
A113: Ayudante de Obra | B113: 48733.333 | C113: 0.875 | D113: 11421.875 | E113: 1.5 | F113: =ROUNDUP(D113/E113,0) -> 7615
F114: Sub-total MdeO | G114: =F112+F113 -> 24368
E117: COSTO DIRECTO APU | G117: =G101+G108+G114 -> 25587
A120: ITEM | B120: DESCRIPCION | F120: UNIDAD | G120: VALOR
A121: =+'PRESUPUESTO OFICIAL'!B23 -> 1.5 | B121: =+'PRESUPUESTO OFICIAL'!C23 -> Demolición de enchape de pared con repello (Incluye Retiro de escombros en volqueta, cargue y transporte para botar fuera de las instalaciones del Sena), todo el material retirado será gestionado de acuerdo con las regulaciones ambientales locales, asegurando la disposición adecuada o reciclaje de los residuos. Se recomienda coordinar con personal y equipo especializado para garantizar la seguridad y eficiencia del trabajo. | F121: =+'PRESUPUESTO OFICIAL'!D23 -> M2 | G121: =ROUND(G146,2) -> 22203
A123: I.-MATERIALES
A124: Nombre | D124: Unidad | E124: Valor Unitario | F124: Cantidad | G124: Vr.Parcial
F130: Sub-total Mat. | G130: =G125+G126+G127+G128+G129 -> 0
A132: 2.-EQUIPOS Y HERRAMIENTA
A133: Nombre | D133: Unidad | E133: Valor | F133: Rendimiento | G133: Vr.Parcial
A134: herramienta menor | D134: 5% M.O. | E134: =G143 -> 18745 | F134: 0.05 | G134: =ROUNDUP(E134*F134,0) -> 938
A135: volqueta capacidad de 6 m3, con disposicion de escombros en lugar certificado | D135: viaje | E135: 210000 | F135: 0.012 | G135: =ROUNDUP(E135*F135,0) -> 2520
F137: Sub-total Equ. | G137: =G134+G135+G136 -> 3458
A139: 3.-MANO DE OBRA
A140: DESCRIPCION | B140: JORNAL | C140: PRESTAC | D140: TARIFA/H CON PRESTACIONES | E140: RENDIMIENTO | F140: VR.UNITARIO
A141: Oficial de Obra | B141: 107213.33 | C141: 0.875 | D141: 25128.125 | E141: 1.95 | F141: =ROUNDUP(D141/E141,0) -> 12887
A142: Ayudante de Obra | B142: 48733.333 | C142: 0.875 | D142: 11421.875 | E142: 1.95 | F142: =ROUNDUP(D142/E142,0) -> 5858
F143: Sub-total MdeO | G143: =F141+F142 -> 18745
E146: COSTO DIRECTO APU | G146: =G130+G137+G143 -> 22203
A150: ITEM | B150: DESCRIPCION | F150: UNIDAD | G150: VALOR
A151: =+'PRESUPUESTO OFICIAL'!B24 -> 1.6 | B151: =+'PRESUPUESTO OFICIAL'!C24 -> Demolición baldosín cerámico, mortero de nivelación y primario. Incluye Retiro de escombros en volqueta, cargue y transporte para botar fuera de las instalaciones del Sena; todo el material retirado será gestionado de acuerdo con las regulaciones ambientales locales, asegurando la disposición adecuada o reciclaje de los residuos. Se recomienda coordinar con personal y equipo especializado para garantizar la seguridad y eficiencia del trabajo. | F151: =+'PRESUPUESTO OFICIAL'!D24 -> M2 | G151: =ROUND(G176,2) -> 32271
A153: I.-MATERIALES
A154: Nombre | D154: Unidad | E154: Valor Unitario | F154: Cantidad | G154: Vr.Parcial
F160: Sub-total Mat. | G160: =G155+G156+G157+G158+G159 -> 0
A162: 2.-EQUIPOS Y HERRAMIENTA
A163: Nombre | D163: Unidad | E163: Valor | F163: Rendimiento | G163: Vr.Parcial
A164: herramienta menor | D164: 5% M.O. | E164: =G173 -> 23134 | F164: 0.05 | G164: =ROUNDUP(E164*F164,0) -> 1157
A165: volqueta capacidad de 6 m3, con disposicion de escombros en lugar certificado | D165: viaje | E165: 210000 | F165: 0.038 | G165: =ROUNDUP(E165*F165,0) -> 7980
F167: Sub-total Equ. | G167: =G164+G165+G166 -> 9137
A169: 3.-MANO DE OBRA
A170: DESCRIPCION | B170: JORNAL | C170: PRESTAC | D170: TARIFA/H CON PRESTACIONES | E170: RENDIMIENTO | F170: VR.UNITARIO
A171: Oficial de Obra | B171: 107213.33 | C171: 0.875 | D171: 25128.125 | E171: 1.58 | F171: =ROUNDUP(D171/E171,0) -> 15904
A172: Ayudante de Obra | B172: 48733.333 | C172: 0.875 | D172: 11421.875 | E172: 1.58 | F172: =ROUNDUP(D172/E172,0) -> 7230
F173: Sub-total MdeO | G173: =F171+F172 -> 23134
E176: COSTO DIRECTO APU | G176: =G160+G167+G173 -> 32271
A179: ITEM | B179: DESCRIPCION | F179: UNIDAD | G179: VALOR
A180: =+'PRESUPUESTO OFICIAL'!B25 -> 1.7 | B180: =+'PRESUPUESTO OFICIAL'!C25 -> Desmonte de perfil perimetral para cielo raso, Utilizar herramientas, equipos adecuados y E.P.P | F180: =+'PRESUPUESTO OFICIAL'!D25 -> ML | G180: =+G205 -> 1478
A182: I.-MATERIALES
A183: Nombre | D183: Unidad | E183: Valor Unitario | F183: Cantidad | G183: Vr.Parcial
F189: Sub-total Mat. | G189: =G184+G185+G186+G187+G188 -> 0
A191: 2.-EQUIPOS Y HERRAMIENTA
...

Sheet ESTUDIO DEL MERCADO
A2: ADECUACION PROYECTO SENNOVA CÓDIGO SGPS-12109-2024 | D2: 9624
A3: CODIGO UNSPSC | B3: ITEM | C3: DESCRIPCION | D3: UND | E3: CANTIDAD | F3: VR. UNITARIO 1RA COTIZACIÓN | G3: VR. UNITARIO 2DA COTIZACIÓN | H3: PROMEDIO | I3: VR. PARCIAL | J3: VALOR TOTAL
A4: 1 | C4: DEMOLICION Y DESMONTE | J4: =SUM(I5:I13) -> 2002705
A5: 72141510 | B5: 1.1 | C5: Desmonte puntos hidráulicos y sanitarios con la tubería (Incluye Retiro de escombros en volqueta, cargue y transporte para botar fuera de las instalaciones del Sena) todo el material retirado será gestionado de acuerdo con las regulaciones ambientales locales, asegurando la disposición adecuada o reciclaje de los residuos. Se recomienda coordinar con personal y equipo especializado para garantizar la seguridad y eficiencia del trabajo. | D5: UND | E5: 5 | F5: 11200 | G5: 11174 | H5: =(F5+G5)/2 -> 11187 | I5: =ROUND(E5*H5,0) -> 55935
A6: 72141510 | B6: 1.2 | C6: Desmonte y retiro de puertas metálica o madera con marco, (Incluye Retiro de escombros en volqueta, incluye cargue y transporte para botar fuera de las instalaciones del Sena. todo el material retirado será gestionado de acuerdo con las regulaciones ambientales locales, asegurando la disposición adecuada o reciclaje de los residuos. Se recomienda coordinar con personal y equipo especializado para garantizar la seguridad y eficiencia del trabajo. | D6: UND | E6: 2 | F6: 13500 | G6: 12260 | H6: =(F6+G6)/2 -> 12880 | I6: =ROUND(E6*H6,0) -> 25760
A7: 72141510 | B7: 1.3 | C7: Desmonte de ventanas metálica con reja de 0,70 *0,50 ml, incluye marco. | D7: UND | E7: 1 | F7: 13500 | G7: 12346 | H7: =(F7+G7)/2 -> 12923 | I7: =ROUND(E7*H7,0) -> 12923
A8: 72141510 | B8: 1.4 | C8: Desmonte de sanitario, orinal o lavamos (Incluye Retiro de escombros en volqueta, cargue y transporte para botar fuera de las instalaciones del Sena. Es responsabilidad del contratista que se boten los escombros en el sitio autorizado por las autoridades Municipales.) | D8: UND | E8: 2 | F8: 21500 | G8: 29674 | H8: =(F8+G8)/2 -> 25587 | I8: =ROUND(E8*H8,0) -> 51174
A9: 72141510 | B9: 1.5 | C9: Demolición de enchape de pared con repello (Incluye Retiro de escombros en volqueta, cargue y transporte para botar fuera de las instalaciones del Sena), todo el material retirado será gestionado de acuerdo con las regulaciones ambientales locales, asegurando la disposición adecuada o reciclaje de los residuos. Se recomienda coordinar con personal y equipo especializado para garantizar la seguridad y eficiencia del trabajo. | D9: M2 | E9: 8.3 | F9: 21800 | G9: 22606 | H9: =(F9+G9)/2 -> 22203 | I9: =ROUND(E9*H9,0) -> 184285
A10: 72141510 | B10: 1.6 | C10: Demolición baldosín cerámico, mortero de nivelación y primario. Incluye Retiro de escombros en volqueta, cargue y transporte para botar fuera de las instalaciones del Sena; todo el material retirado será gestionado de acuerdo con las regulaciones ambientales locales, asegurando la disposición adecuada o reciclaje de los residuos. Se recomienda coordinar con personal y equipo especializado para garantizar la seguridad y eficiencia del trabajo. | D10: M2 | E10: 39.66 | F10: 31000 | G10: 33542 | H10: =(F10+G10)/2 -> 32271 | I10: =ROUND(E10*H10,0) -> 1279868
A11: 72141510 | B11: 1.7 | C11: Desmonte de perfil perimetral para cielo raso, Utilizar herramientas, equipos adecuados y E.P.P | D11: ML | E11: 30.15 | F11: 1200 | G11: 1756 | H11: =(F11+G11)/2 -> 1478 | I11: =ROUND(E11*H11,0) -> 44562
A12: 72141510 | B12: 1.8 | C12: Desmonte aire acondicionado, Utilizar herramientas, equipos adecuados y E.P.P. Recuperar en buen estado y entregar al responsable del inventario. | D12: UND | E12: 1 | F12: 32000 | G12: 53286 | H12: =(F12+G12)/2 -> 42643 | I12: =ROUND(E12*H12,0) -> 42643
A13: 72141510 | B13: 1.9 | C13: Desmonte de instalaciones eléctricas (Incluye Retiro de escombros en volqueta, cargue y transporte para botar fuera de las instalaciones del Sena) todo el material retirado será gestionado de acuerdo con las regulaciones ambientales locales, asegurando la disposición adecuada o reciclaje de los residuos. Se recomienda coordinar con personal y equipo especializado para garantizar la seguridad y eficiencia del trabajo. | D13: GLB | E13: 1 | F13: 331100 | G13: 280010 | H13: =(F13+G13)/2 -> 305555 | I13: =ROUND(E13*H13,0) -> 305555
B14: 2 | C14: CONCRETO, MORTERO, GRANITO PULIDO | J14: =SUM(I15:I20) -> 7220006
A15: 72152703 | B15: 2.1 | C15: Reposición de contrapiso en concreto de 3.000 psi, con espesor de 0,1 m. Incluye la conformación de la superficie previa a su fundición, garantizando el espesor mínimo especificado. Se deberá prever e instalar todas las tuberías o instalaciones necesarias (hidráulicas, sanitarias o eléctricas) antes de proceder con la fundición. Incluye malla electrosoldada grafil 4 mm @ 0,15 m en ambas direcciones; se debe garantizar ubicación al tercio de la altura desde la superficie superior. (suministro e instalación de todos los materiales). | D15: =+'PRESUPUESTO OFICIAL'!D29 -> M2 | E15: 39.66 | F15: 68000 | G15: 69404 | H15: =(F15+G15)/2 -> 68702 | I15: =ROUND(E15*H15,0) -> 2724721
A16: 72152509 | B16: 2.2 | C16: Suministro e instalación de mortero de nivelación en proporción 1:3 con espesor mínimo de 0.04m. | D16: =+'PRESUPUESTO OFICIAL'!D30 -> M2 | E16: 39.66 | F16: 26800 | G16: 28836 | H16: =(F16+G16)/2 -> 27818 | I16: =ROUND(E16*H16,0) -> 1103262
A17: 72151401 | B17: 2.3 | C17: Reposición de revoque en muros utilizando mortero 1:3; espesor de 0,03 m. Incluye adecuación utilizando malla con vena para corregir fisuras. Se deberá aplomar, escuadrar y nivelar donde sea necesario. Además, se debe garantizar un buen remate en los filos y bordes. Para asegurar la uniformidad de la superficie y bordes, se trabajará con plantilla adecuada. (suministro e instalación de todos los materiales | D17: =+'PRESUPUESTO OFICIAL'!D31 -> M2 | E17: 13 | F17: 31500 | G17: 32462 | H17: =(F17+G17)/2 -> 31981 | I17: =ROUND(E17*H17,0) -> 415753
A18: 72152703 | B18: 2.4 | C18: Reposición de caja de inspección de 0.40 m x 0.40 m con altura variable entre 0.40 m y 0.70 m, construida en concreto de 3000 psi, con medidas interiores libres. Los muros tendrán un espesor de 0.10 m e incluirán refuerzo de acero de 3/8” con separación cada 0.10 m. La caja contará con cañuelas y una tapa de concreto con espesor de 0.10 m. Se incluye formaleta y todos los materiales y elementos necesarios para la correcta construcción y funcionamiento de la caja de inspección. (suministro e instalación de todos los materiales). | D18: UND | E18: 2 | F18: 128850 | G18: 138682 | H18: =(F18+G18)/2 -> 133766 | I18: =ROUND(E18*H18,0) -> 267532
A19: 72103300 | B19: 2.5 | C19: Suministro e instalación de Relleno con mortero proporción 1:3, parte superior muro y cubierta 0,04m3 X Ml | D19: =+'PRESUPUESTO OFICIAL'!D33 -> ML | E19: 16 | F19: 18200 | G19: 11800 | H19: =(F19+G19)/2 -> 15000 | I19: =ROUND(E19*H19,0) -> 240000
B20: =+'PRESUPUESTO OFICIAL'!B34 -> 2.6 | C20: Mediacaña en granito pulido altura 0,1 m, ancho de 0.1 m, espesor mínimo 18 mm. Incluye dilatación en vidrio, adecuación del muro para garantizar un solo plomo con el acabado existente. La concavidad debe ser uniforme a lo largo del elemento. (suministro e instalación de todos los materiales). | D20: =+'PRESUPUESTO OFICIAL'!D34 -> ML | E20: 35.35 | F20: 68950 | G20: 70724 | H20: =(F20+G20)/2 -> 69837 | I20: =ROUND(E20*H20,0) -> 2468738
B21: 3 | C21: MUROS, ESTUCO Y PINTURA | J21: =SUM(I22:I26) -> 5537642
A22: 72151900 | B22: =+'PRESUPUESTO OFICIAL'!B36 -> 3.1 | C22: Adecuación de superficie. La actividad incluye el rasqueteo y retiro de la capa de pintura en mal estado, además del tratamiento de carteras y filos, seguido por el lijado y lavado de la superficie. Los trabajos se realizarán hasta una altura de 2,5 metros. Para la ejecución del trabajo se utilizarán andamios certificados y personal capacitado, deberá utilizar equipos de protección personal (EPP) y con certificación vigente en trabajo seguro en alturas. (Suministro e instalación de todos los materiales). | D22: =+'PRESUPUESTO OFICIAL'!D36 -> M2 | E22: 56.17 | F22: 8000 | G22: 6362 | H22: =(F22+G22)/2 -> 7181 | I22: =ROUND(E22*H22,0) -> 403357
A23: 72152005 | B23: =+'PRESUPUESTO OFICIAL'!B37 -> 3.2 | C23: Suministro y aplicación de estuco acrílico sobre muros. Incluye adecuación y/o acondicionamiento y/o alistamiento de superficie, filos y carteras, se debe garantizar uniformidad, nivelación y excelente acabado. Usar personal con certificado vigente de trabajo seguro en alturas, uso de andamios certificados, equipo y elementos en general adecuados para la actividad y para el trabajo seguro en alturas debidamente acreditados para la actividad y con su debido certificado de calidad. (suministro e instalación de todos los materiales) | D23: =+'PRESUPUESTO OFICIAL'!D37 -> M2 | E23: 80 | F23: 22800 | G23: 23518 | H23: =(F23+G23)/2 -> 23159 | I23: =ROUND(E23*H23,0) -> 1852720
A24: 72151303 | B24: =+'PRESUPUESTO OFICIAL'!B38 -> 3.3 | C24: Suministro y aplicación de pintura blanca epoxi-poliamida, de 50% en sólidos, de dos componentes que proporcione buena adherencia y flexibilidad, resistente al agua, ácidos débiles, sales, álcalis, derivados del petróleo y disolventes aromáticos; aplicación mínima de dos capas, espesor por capa de 100 micras. Incluye adecuación de la superficie para garantizar la adherencia de la pintura, se debe garantizar el uso andamios certificados, personal con certificación vigente de trabajo seguro en alturas, equipos y elementos de protección adecuados para el desarrollo de la actividad. | D24: =+'PRESUPUESTO OFICIAL'!D38 -> M2 | E24: 80 | F24: 35200 | G24: 31056 | H24: =(F24+G24)/2 -> 33128 | I24: =ROUND(E24*H24,0) -> 2650240
A25: 72152001 | B25: =+'PRESUPUESTO OFICIAL'!B39 -> 3.4 | C25: Instalación de muro interno de 12 cm de espesor en sistema board con doble cara de láminas de fibrocemento. La actividad incluye el suministro e instalación de perfilería metálica galvanizada, cinta malla, sellador elástico antihongos para juntas, y la reparación de fisuras entre placas. Se contempla la construcción de una estructura metálica con un espacio máximo de 0.3 m entre montantes, y doble soporte en los puntos donde se instale grifería. La instalación abarca todos los accesorios necesarios, así como los acondicionamientos correspondientes en muros y pisos para garantizar una correcta instalación y fijación. Adicionalmente, se realizarán los resanes y/o reparaciones en las áreas de influencia intervenidas, asegurando que el acabado final sea del mismo tipo que el de la zona afectada, utilizando materiales de calidad igual o superior a los existentes, y en colores y modelos similares. (suministro e instalación de todos los materiales) | D25: =+'PRESUPUESTO OFICIAL'!D39 -> M2 | E25: 5.19 | F25: 101200 | G25: 131382 | H25: =(F25+G25)/2 -> 116291 | I25: =ROUND(E25*H25,0) -> 603550
A26: 72151903 | B26: =+'PRESUPUESTO OFICIAL'!B40 -> 3.5 | C26: Instalación de muro Muro en ladrillo común en soga , espesor 0,11 (suministro e instalación de todos los materiales) | D26: =+'PRESUPUESTO OFICIAL'!D40 -> M2 | E26: 0.35 | F26: 79500 | G26: 79214 | H26: =(F26+G26)/2 -> 79357 | I26: =ROUND(E26*H26,0) -> 27775
B27: 4 | C27: ENCHAPE | J27: =SUM(I28:I28) -> 5741261
A28: 72152504 | B28: =+'PRESUPUESTO OFICIAL'!B42 -> 4.1 | C28: Reposición de piso en Baldosa Granito De Mármol Blanco 30x30cm, uso institucional, de primera calidad Color blanco. Utilizar . (Suministro e instalación) incluye destronque, pulimiento de la superficie y acabado | D28: M2 | E28: 39.66 | F28: 152300 | G28: 137224 | H28: =(F28+G28)/2 -> 144762 | I28: =ROUND(E28*H28,0) -> 5741261
B29: 5 | C29: CIELO RASO | J29: =SUM(I30:I30) -> 5203670
A30: 72152605 | B30: =+'PRESUPUESTO OFICIAL'!B44 -> 5.1 | C30: Cielorraso tipo lámina panel (PVC-FOIL ALUM), compuesto por láminas de PVC reforzadas con lámina de aluminio, diseñado para garantizar una mayor resistencia térmica y actuar como barrera contra la humedad. El sistema incluirá perfil de ensamble para asegurar una unión firme entre los elementos y su fijación a la estructura principal. Las láminas tendrán módulos con una longitud entre 3 m y 4 m, un ancho de 0.25 m, y un espesor de 1 cm. La instalación incluirá perfilería galvanizada para la estructura, junto con todos los accesorios de montaje necesarios, tales como: omegas, ángulos, viguetas, tornillos, chazos, clavos, alambre galvanizado de refuerzo, varillas roscadas, guayas de acero y cualquier otro accesorio complementario y de remate para los bordes, asegurando tanto su correcta instalación como su estética final. Las láminas deben contar con una superficie de acabado liso y estar compuestas en un 80% de PVC de primera calidad. El proceso incluirá el uso de andamios certificados y personal capacitado con equipos de protección personal (EPP), así como la correspondiente certificación vigente en trabajo seguro en alturas. (suministro e instalación de todos los materiales).(Suministro e instalación) | D30: =+'PRESUPUESTO OFICIAL'!D44 -> M2 | E30: 39.66 | F30: 129800 | G30: 132614 | H30: =(F30+G30)/2 -> 131207 | I30: =ROUND(E30*H30,0) -> 5203670
B31: 6 | C31: PUNTOS HIDRAHULICOS Y SANITARIOS | J31: =SUM(I32:I41) -> 1519848
A32: 72151906 | B32: =+'PRESUPUESTO OFICIAL'!B46 -> 6.1 | C32: Reubicación de punto hidráulico con tubería de PVC presión 1/2" RDE 21 para el servicio de lavamanos. La actividad incluye la instalación de accesorios y tubería adicional de 1/2" para asegurar su correcto funcionamiento. Además, se suministrará y utilizará limpiador, soldadura de PVC y todos los accesorios necesarios para la correcta instalación y puesta en funcionamiento del sistema. (suministro e instalación de todos los materiales). | D32: =+'PRESUPUESTO OFICIAL'!D46 -> UND | E32: 2 | F32: 29800 | G32: 35234 | H32: =(F32+G32)/2 -> 32517 | I32: =ROUND(E32*H32,0) -> 65034
A33: 72151906 | B33: =+'PRESUPUESTO OFICIAL'!B47 -> 6.2 | C33: Suministro e instalación de punto hidráulico con tubería de PVC presión 1" RDE 21 para el servicio de lavamanos. La actividad incluye la instalación de accesorios y tubería adicional de 1" para asegurar su correcto funcionamiento. Además, se suministrará y utilizará limpiador, soldadura de PVC y todos los accesorios necesarios para la correcta instalación y puesta en funcionamiento del sistema. (suministro e instalación de todos los materiales). | D33: UND | E33: 1 | F33: 31500 | G33: 34468 | H33: =(F33+G33)/2 -> 32984 | I33: =ROUND(E33*H33,0) -> 32984
A34: 72151906 | B34: =+'PRESUPUESTO OFICIAL'!B48 -> 6.3 | C34: Reposición de tubería PVC presión de 1/2", que incluye todos los accesorios, limpiador y soldadura necesarios para su instalación. La actividad contempla la realización de regatas y los resanes y/o reparaciones pertinentes, garantizando que el acabado final en la zona afectada sea del mismo tipo, con materiales de calidad igual o superior a los existentes, y en colores y modelos similares. (suministro e instalación de todos los materiales). | D34: =+'PRESUPUESTO OFICIAL'!D48 -> ML | E34: 12 | F34: 4200 | G34: 4386 | H34: =(F34+G34)/2 -> 4293 | I34: =ROUND(E34*H34,0) -> 51516
A35: 72151906 | B35: =+'PRESUPUESTO OFICIAL'!B49 -> 6.4 | C35: Suministro e instalación tubería PVC presión de 1" incluye accesorios, limpiador y soldadura, regatas, resanes y/o reparaciones garantizando el mismo tipo de acabado de la zona afectada, con materiales de la misma calidad o superiores a los existentes y en colores y modelos similares. (suministro e instalación de todos los materiales). | D35: =+'PRESUPUESTO OFICIAL'!D49 -> ML | E35: 25 | F35: 8200 | G35: 7688 | H35: =(F35+G35)/2 -> 7944 | I35: =ROUND(E35*H35,0) -> 198600
A36: 72151906 | B36: =+'PRESUPUESTO OFICIAL'!B50 -> 6.5 | C36: Suministro e instalación punto Sanitario de 2". La actividad incluye la instalación de accesorios y tubería adicional de 2" (hasta 1 m), para asegurar su correcto funcionamiento. Además, se suministrará y utilizará limpiador, soldadura de PVC y todos los accesorios necesarios para la correcta instalación y puesta en funcionamiento del sistema sanitario. (suministro e instalación de todos los materiales). | D36: =+'PRESUPUESTO OFICIAL'!D50 -> UND | E36: 2 | F36: 38500 | G36: 40534 | H36: =(F36+G36)/2 -> 39517 | I36: =ROUND(E36*H36,0) -> 79034
A37: 72151906 | B37: =+'PRESUPUESTO OFICIAL'!B51 -> 6.6 | C37: Suministro e instalación tubería sanitaria de 2". Incluye accesorios, limpiador y soldadura, regatas, resanes y/o reparaciones garantizando el mismo tipo de acabado de la zona afectada, con materiales de la misma calidad o superiores a los existentes y en colores y modelos similares. (suministro e instalación de todos los materiales). | D37: =+'PRESUPUESTO OFICIAL'!D51 -> ML | E37: 8 | F37: 18900 | G37: 19154 | H37: =(F37+G37)/2 -> 19027 | I37: =ROUND(E37*H37,0) -> 152216
A38: 72151906 | B38: =+'PRESUPUESTO OFICIAL'!B52 -> 6.7 | C38: Suministro e instalación tubería sanitaria de 3". Incluye accesorios, limpiador y soldadura, regatas, resanes y/o reparaciones garantizando el mismo tipo de acabado de la zona afectada, con materiales de la misma calidad o superiores a los existentes y en colores y modelos similares. (suministro e instalación de todos los materiales). | D38: =+'PRESUPUESTO OFICIAL'!D52 -> ML | E38: 20 | F38: 19800 | G38: 21798 | H38: =(F38+G38)/2 -> 20799 | I38: =ROUND(E38*H38,0) -> 415980
A39: 72151906 | B39: =+'PRESUPUESTO OFICIAL'!B53 -> 6.8 | C39: Suministro e instalación punto sanitario de 3”, incluye la instalación de tubería adicional de 3" (hasta 1 m), suministro e instalación de rejilla con sosco anty olores y anty cucaracha ,con reducción de 4” a 3”, sifón de 3”, limpiador, soldadura de PVC, y todos los accesorios y elementos necesarios para asegurar la correcta instalación y puesta en funcionamiento del sistema sanitario. (suministro e instalación de todos los materiales). | D39: =+'PRESUPUESTO OFICIAL'!D53 -> UND | E39: 2 | F39: 69500 | G39: 65494 | H39: =(F39+G39)/2 -> 67497 | I39: =ROUND(E39*H39,0) -> 134994
A40: 72151906 | B40: =+'PRESUPUESTO OFICIAL'!B54 -> 6.9 | C40: Suministro e instalación de Llave de paso 1". Incluye accesorios, limpiador y soldadura, regatas, resanes y/o reparaciones garantizando el mismo tipo de acabado de la zona afectada, con materiales de la misma calidad o superiores a los existentes y en colores y modelos similares. (suministro e instalación de todos los materiales). | D40: UND | E40: 1 | F40: 210000 | G40: 238392 | H40: =(F40+G40)/2 -> 224196 | I40: =ROUND(E40*H40,0) -> 224196
A41: 72151906 | B41: =+'PRESUPUESTO OFICIAL'!B55 -> 6,9,1 | C41: Suministro e instalación Llave de paso 1/2". Incluye accesorios, limpiador y soldadura, regatas, resanes y/o reparaciones garantizando el mismo tipo de acabado de la zona afectada, con materiales de la misma calidad o superiores a los existentes y en colores y modelos similares. (suministro e instalación de todos los materiales).incluye Tapa registro 15x15 cm | D41: =+'PRESUPUESTO OFICIAL'!D55 -> UND | E41: 2 | F41: 79860 | G41: 85434 | H41: =(F41+G41)/2 -> 82647 | I41: =ROUND(E41*H41,0) -> 165294
B42: 7 | C42: CARPINTERIA METALICA | J42: =SUM(I43:I46) -> 5147831
A43: 30181508 | B43: =+'PRESUPUESTO OFICIAL'!B57 -> 7.1 | C43: Reposición de puerta de 1,10 m de ancho x 2,10 m de alto, con apertura hacia la izquierda. Tanto el marco como la hoja serán fabricados en lámina galvanizada calibre 20, se deberá utilizar pintura en poliuretano color blanco para su acabado final. El marco deberá cumplir con las mismas especificaciones técnicas de la puerta. Se incluye bisagras Armillar tipo cápsula (aptas para uso exterior), manija y chapa de alta calidad con tres pasadores, la cual deberá entregarse con tres copias de llaves | D43: =+'PRESUPUESTO OFICIAL'!D57 -> UND | E43: 1 | F43: 968500 | G43: 1237754 | H43: =(F43+G43)/2 -> 1103127 | I43: =ROUND(E43*H43,0) -> 1103127
A44: 30181508 | B44: =+'PRESUPUESTO OFICIAL'!B58 -> 7.2 | C44: Reposición de puerta de 0,65 m de largo x 2.10 m de alto, con apertura hacia la izquierda. Tanto el marco como la hoja serán fabricados en lámina galvanizada calibre 20, se deberá utilizar pintura en poliuretano color blanco para su acabado final. El marco deberá cumplir con las mismas especificaciones técnicas de la puerta. Se incluye bisagras Armillar tipo cápsula (aptas para uso exterior), manija y chapa de alta calidad con tres pasadores, la cual deberá entregarse con tres copias de llaves. | D44: =+'PRESUPUESTO OFICIAL'!D58 -> UND | E44: 1 | F44: 685500 | G44: 888014 | H44: =(F44+G44)/2 -> 786757 | I44: =ROUND(E44*H44,0) -> 786757
A45: 30181508 | B45: =+'PRESUPUESTO OFICIAL'!B59 -> 7.3 | C45: Adecuación de las ventanas existentes y sus rejas de seguridad. El trabajo incluye el alistamiento de la superficie, aplicación de masilla, anticorrosivo y pintura blanca como acabado final. Se suministrará e instalará vidrio de 4 mm, con sellado perimetral utilizando silicona antihongos. | D45: =+'PRESUPUESTO OFICIAL'!D59 -> M2 | E45: 4.4 | F45: 92000 | G45: 102082 | H45: =(F45+G45)/2 -> 97041 | I45: =ROUND(E45*H45,0) -> 426980
A46: 30162201 | B46: =+'PRESUPUESTO OFICIAL'!B60 -> 7.4 | C46: Mesón empotrado en acero inoxidable con 1 poceta, Frente: 120 cm, Fondo: 60 cm, Alto: 90 cm,1 Entrepaño, acero inoxidable 430 brillante, 4 Patas en tubo cuadrado de 2 pulgadas, 4 Niveladores o protectores plásticos, incluye grifería . (Suministro e instalación) | D46: =+'PRESUPUESTO OFICIAL'!D60 -> UND | E46: 1 | F46: 2659000 | G46: 3002934 | H46: =(F46+G46)/2 -> 2830967 | I46: =ROUND(E46*H46,0) -> 2830967
B47: 8 | C47: INSTALACIONES ELECTRICAS | J47: =SUM(I48:I56) -> 4909926
A48: 72151502 | B48: 8.1 | C48: Suministro e instalación de tablero Bifásico de 8 circuitos incluye puerta y chapa, breakers y red acometida cable #8 AWG, Tubería EMT 3/4" hasta 60 metros lineales desde punto de conexión de subestación hasta tablero. | D48: UND | E48: 1 | F48: 1850256 | G48: 1635278 | H48: =(F48+G48)/2 -> 1742767 | I48: =ROUND(E48*H48,0) -> 1742767
A49: 72151502 | B49: =+'PRESUPUESTO OFICIAL'!B63 -> 8.2 | C49: Suministro e instalación de tomacorriente doble 120V GFCI con tubería PVC Conduit de 1/2" Cableado THHWN N° 12 para fase, neutro y polo a tierra, hasta 3 metros lineales , se deben suministrar todo tipo de accesorios, realizar las regatas, resanes y/o reparaciones, garantizando el mismo tipo de acabado de la zona afectada, con materiales de la misma calidad o superiores a los existentes en colores y modelos similares. (suministro e instalación de todos los materiales) | D49: UND | E49: 5 | F49: 180000 | G49: 216754 | H49: =(F49+G49)/2 -> 198377 | I49: =ROUND(E49*H49,0) -> 991885
A50: 72151502 | B50: 8.3 | C50: Suministro e instalación de tomacorriente industrial a 220 V con tubería PVC Conduit de 1/2" Cableado THHWN N° 12 para fase R, fase S y polo a tierra hasta 3 metros lineales, se deben suministrar todo tipo de accesorios, realizar las regatas, resanes y/o reparaciones, garantizando el mismo tipo de acabado de la zona afectada, con materiales de la misma calidad o superiores a los existentes en colores y modelos similares. (suministro e instalación de todos los materiales). | D50: UND | E50: 1 | F50: 91800 | G50: 93842 | H50: =(F50+G50)/2 -> 92821 | I50: =ROUND(E50*H50,0) -> 92821
A51: 72151502 | B51: 8.4 | C51: Suministro e instalación de toma 120V con tubería Conduit PVC de 1/2", Cableado THHWN N° 12 para fase, neutro y polo a tierra hasta 3 metros lineales, se deben suministrar todo tipo de accesorios, realizar las regatas, resanes y/o reparaciones, garantizando el mismo tipo de acabado de la zona afectada, con materiales de la misma calidad o superiores a los existentes en colores y modelos similares. (suministro e instalación de todos los materiales) | D51: UND | E51: 5 | F51: 63500 | G51: 76542 | H51: =(F51+G51)/2 -> 70021 | I51: =ROUND(E51*H51,0) -> 350105
A52: 72151501 | B52: 8.5 | C52: Adecuación Salida + interruptor sencillo - incluye caja PVC 2X4, tubería PVC 1/2", conductor de cobre #12 AWG hasta 3 metros lineales, Y demás accesorios para su correcta instalación se deben suministrar todo tipo de accesorios, realizar las regatas, resanes y/o reparaciones, garantizando el mismo tipo de acabado de la zona afectada, con materiales de la misma calidad o superiores a los existentes en colores y modelos similares. (suministro e instalación de todos los materiales) | D52: UND | E52: 1 | F52: 62500 | G52: 55366 | H52: =(F52+G52)/2 -> 58933 | I52: =ROUND(E52*H52,0) -> 58933
A53: 72151501 | B53: 8.6 | C53: Adecuación Salida + interruptor doble - incluye caja PVC 2X4, tubería PVC 1/2", conductor de cobre #12 AWG hasta 3 metros lineales, incluye accesorios para su correcta instalación, se realizan las regatas, resanes y/o reparaciones, garantizando el mismo tipo de acabado de la zona afectada, con materiales de la misma calidad o superiores a los existentes en colores y modelos similares. (suministro e instalación de todos los materiales). | D53: UND | E53: 1 | F53: 65200 | G53: 59666 | H53: =(F53+G53)/2 -> 62433 | I53: =ROUND(E53*H53,0) -> 62433
A54: 72151501 | B54: 8.7 | C54: Reposición de panel LED cuadrado de 30x30 cm, 22W, luz blanca, empotrado. La actividad incluye el suministro y la instalación de tubería EMT galvanizada de ½", sistema de sujeción, y cableado THHWN N° 12 libre de halógenos para fase y neutro, con un alcance de hasta 3 metros lineales. También se suministrarán resorte de empalme y demás accesorios necesarios para su correcta instalación. (Suministro e instalación de todos los materiales). | D54: UND | E54: 8 | F54: 123100 | G54: 134554 | H54: =(F54+G54)/2 -> 128827 | I54: =ROUND(E54*H54,0) -> 1030616
A55: 72151501 | B55: 8.8 | C55: Suministro e instalación de Panel Led redondo 18w empotrado Luz Blanca. La actividad incluye el suministro y la instalación de tubería EMT galvanizada de ½", sistema de sujeción, y cableado THHWN N° 12 libre de halógenos para fase y neutro, con un alcance de hasta 3 metros lineales. También se suministrarán resorte de empalme y demás accesorios necesarios para su correcta instalación. (Suministro e instalación de todos los materiales). | D55: UND | E55: 1 | F55: 69250 | G55: 94404 | H55: =(F55+G55)/2 -> 81827 | I55: =ROUND(E55*H55,0) -> 81827
A56: 72151502 | B56: 8.9 | C56: Suministro e instalación de sistema de puesta a tierra, desde el tablero en cable desnudo #8 AWG, hasta 6 metros lineales desde el tablero hasta el punto de conexión a la varilla de cobre. El sistema incluye conector de bronce, así como todos los elementos de fijación necesarios. Se debe utilizar tubería EMT de ¾” para el revestimiento hasta el punto de conexión. Además, se incluye el suministro e instalación de varilla COPERWELD de 5/8” de diámetro y 2,44 m de longitud, junto con la preparación del suelo para asegurar una correcta instalación. | D56: UND | E56: 1 | F56: 398500 | G56: 598578 | H56: =(F56+G56)/2 -> 498539 | I56: =ROUND(E56*H56,0) -> 498539
A57: 9 | C57: RETIRO DE ESCOMBROS Y ASEO GENERAL | J57: =SUM(I58:I59) -> 149222
A58: 72153505 | B58: =+'PRESUPUESTO OFICIAL'!B72 -> 9.1 | C58: Aseo general de las áreas intervenidas | D58: =+'PRESUPUESTO OFICIAL'!D72 -> M2 | E58: 40 | F58: 2500 | G58: 780 | H58: =(F58+G58)/2 -> 1640 | I58: =ROUND(E58*H58,0) -> 65600
A59: 72141505 | B59: =+'PRESUPUESTO OFICIAL'!B73 -> 9.2 | C59: Retiro de escombros en volqueta incluye cargue y transporte para botar fuera de las instalaciones del Sena . Es responsabilidad del contratista que se boten los escombros en el sitio autorizado por las autoridades Municipales. Incluye el suministro o alquiler de la volqueta. | D59: =+'PRESUPUESTO OFICIAL'!D73 -> M3 | E59: 2 | F59: 42000 | G59: 41622 | H59: =(F59+G59)/2 -> 41811 | I59: =ROUND(E59*H59,0) -> 83622
A60: COSTO DIRECTO | J60: =SUM(J4:J59) -> 37432111
A62: ADMINISTRACION | E62: 0.18 | J62: =ROUND(J60*0.18,0) -> 6737780
A63: UTILIDAD | E63: 0.05 | J63: =ROUND(J60*0.05,0) -> 1871606
A64: COSTO TOTAL | J64: =J60+J62+J63 -> 46041497
A65: IVA DEL 19% DE LA UTILIDAD | E65: 0.19 | J65: =ROUND(J63*0.19,0) -> 355605
A66: COSTO TOTAL | J66: =J64+J65 -> 46397102
